 Dungeon Sprint DCSS version 0.31-a0-95-g6fa058ef04 (webtiles) character file.

Game seed: 9602310413985445820

147 sircluck the Covert (level 5, -7/29 (33) HPs)
             Began as a Kobold Brigand on May 25, 2023.
             Killed from afar by a necromancer (17 damage)
             ... with a bolt of negative energy
             ... in the Dungeon (Sprint III: "The Ten Rune Challenge").
             The game lasted 00:01:50 (286 turns).

sircluck the Covert (Kobold Brigand)                 Turns: 286, Time: 00:01:52

HP:   -7/29 (33)    AC:  3    Str:  9    XL:     5   Next: 55%
MP:   5/5           EV: 15    Int: 12    God:
Gold: 50            SH:  0    Dex: 18    Spells: 4/4 levels left

rFire   . . .        a - +2 dagger
rCold   . . .        (no shield)
rNeg    . . .        b - +0 robe
rPois   .            (no helmet)
rElec   .            c - +0 cloak
rCorr   .            (no gloves)
SInv    .            (no boots)
Will    .....        (no amulet)
Stlth   ++++++       (no ring)
HPRegen 0.24/turn    (no ring)
MPRegen 0.09/turn

%: no teleportation
@: heavily drained
A: small, no large weapons, nightstalker 3
a: no special abilities


You were in the Dungeon.
You visited 1 branch You collected 50 gold pieces.

Inventory:

Hand Weapons
 a - a +2 dagger (weapon)
Missiles
 d - 8 poisoned darts (quivered)
 e - 3 curare-tipped darts
Armour
 b - a +0 robe (worn)
 c - a +0 cloak (worn)
Scrolls
 k - a scroll of poison {unknown}
 l - a scroll of fear {unknown}
 m - a scroll of torment {unknown}
 n - 3 scrolls of identify {unknown}
Potions
 f - a potion of curing
 g - 2 potions of heal wounds
 h - 6 potions of mutation {unknown}
 i - 3 potions of magic
 j - a potion of berserk rage


   Skills:
 + Level 3.9 Fighting
 + Level 5.9 Short Blades
 + Level 4.6 Throwing
 + Level 2.0 Dodging
 + Level 12.3 Stealth


You had 4 spell levels left.
You didn't know any spells.
Your spell library contained the following spells:

 Spells                   Type           Power      Damage    Failure   Level
 Lesser Beckoning         Tloc           0%         N/A       45%         2
 Gell's Gravitas          Tloc           0%         N/A       69%         3
 Teleport Other           Tloc           0%         N/A       69%         3


Dungeon Overview and Level Annotations

Branches:
Dungeon (1/1)

Altars:
Dithmenos
Kikubaaqudgha
Ru
Sif Muna
Vehumet
Yredelemnul


Innate Abilities, Weirdness & Mutations

You are small and have problems with some larger weapons.
You are completely attuned to the shadows.


Message History

The necrophage is lightly damaged.
The necrophage closely misses you.
You throw a poisoned dart. The poisoned dart hits the necrophage.
The necrophage is lightly damaged.
The necrophage hits you but does no damage.
You hit the necrophage.
The necrophage is moderately damaged.
You hit the necrophage.
The necrophage is moderately damaged.
The necrophage completely misses you.
You hit the necrophage.
The necrophage is heavily damaged.
The necrophage hits you but does no damage.
You hit the necrophage.
The necrophage is heavily damaged.
The necrophage hits you.
You feel drained.
You hit the necrophage.
The necrophage is heavily damaged.
You hit the necrophage.
The necrophage is severely damaged.
The necrophage hits you.
You feel drained.
You hit the necrophage.
The necrophage is severely damaged.
The necrophage misses you.
You hit the necrophage.
The necrophage is severely damaged.
You closely miss the necrophage.
The necrophage is severely damaged.
The necromancer gestures wildly while chanting.
The necromancer binds the souls of nearby monsters.
The necrophage hits you.
* * * LOW HITPOINT WARNING * * *
You hit the necrophage. You punch the necrophage.
The necrophage is almost destroyed.
The necromancer casts a spell at you.
The bolt of negative energy hits the necrophage.
The necrophage completely resists.
The bolt of negative energy hits you!
You feel drained.
Ouch! That really hurt!
You die...

# ##.# ####
#####..# #__#
.#..#..# #p_#
.#..#..###+#+###n##
.##'#..#........@.#
.###...'.⌠........#
####†..#...######+#
###....#.⌠.#
##.....#...#
#......#'###
.#.....#.))#
###....#___#
▓▓▓▓▓▓▓▓▓▓


You could see a necromancer and a necrophage (wandering).

Vanquished Creatures
  A water elemental (D)
  Jessica (D)
  A wizard (D)
  A human (D)
  A kobold demonologist (D)
  A phantom (D)
  An endoplasm (D)
  2 rats (D)
9 creatures vanquished.

Notes
Turn   | Place    | Note
-------+----------+-------------------------------------------
     0 | D        | sircluck the Kobold Brigand began the quest for the Orb.
     0 | D        | Reached XP level 1. HP: 12/12 MP: 1/1
    42 | D        | Reached skill level 6 in Stealth
    56 | D        | Noticed Jessica
    59 | D        | Killed Jessica
    60 | D        | Reached skill level 8 in Stealth
    60 | D        | Reached XP level 2. HP: 19/19 MP: 2/2
    60 | D        | Reached XP level 3. HP: 23/23 MP: 3/3
   181 | D        | Reached skill level 9 in Stealth
   181 | D        | Reached XP level 4. HP: 21/28 MP: 4/4
   216 | D        | Noticed a water elemental
   239 | D        | Killed a water elemental
   240 | D        | Reached skill level 5 in Short Blades
   240 | D        | Reached skill level 11 in Stealth
   240 | D        | Reached XP level 5. HP: 32/32 MP: 5/5
   243 | D        | Found a radiant altar of Vehumet.
   243 | D        | Found a shimmering blue altar of Sif Muna.
   243 | D        | Found an ancient bone altar of Kikubaaqudgha.
   248 | D        | Reached skill level 12 in Stealth
   267 | D        | Found a basalt altar of Yredelemnul.
   267 | D        | Found a shadowy altar of Dithmenos.
   267 | D        | Found a sacrificial altar of Ru.
   286 | D        | Killed from afar by a necromancer

Illustrated notes

Levels and vault maps discovered:
D:        dungeon_sprint_mu [sprint_mu_entry_cave, sprint_mu_temple_rooms,
          sprint_mu_d1_horrors, sprint_mu_d2_genie, sprint_mu_d3_branching,
          sprint_mu_orc_legion, sprint_mu_elf_gauntlet, sprint_mu_hive_nellie,
          sprint_mu_lair_fedhas, sprint_mu_vaults_butterflies,
          sprint_mu_slime_circle, sprint_mu_swamp_cave, sprint_mu_snake_twists,
          sprint_mu_blade_basic, sprint_mu_crypt_lich, sprint_mu_tomb_spiral,
          sprint_mu_vestibule_basic, sprint_mu_gehenna_hellfire,
          sprint_mu_dis_giant, sprint_mu_tartarus_statrot,
          sprint_mu_cocytus_islands, sprint_mu_zot1]

Skill      XL: |  1  2  3  4  5 |
---------------+----------------+-----
Short Blades   | 3 4 5 |  5.9
Stealth        | 8 9 11 12 | 12.3
Fighting       | 3 |  3.9
Throwing       | 3 4 |  4.6
Dodging        | 2 |  2.0

Action                     |  1- 3 |  4- 6 || total
---------------------------+-------+-------++-------
  Melee: Dagger            |    21 |    19 ||    40
         Punch             |       |     1 ||     1
  Throw: Dart              |     8 |     1 ||     9
    Use: Scroll            |     1 |       ||     1
         Potion            |     1 |       ||     1
   Stab: Sleeping          |     2 |     3 ||     5
 Armour: Robe              |     2 |     3 ||     5
  Dodge: Dodged            |    12 |     4 ||    16

Table legend: (Time is in decaauts)
 A = Elapsed time spent in this place.
 B = Non-inter-level travel time spent in this place.
 C = Inter-level travel time spent in this place.
 D = Time resting spent in this place.
 E = Time spent auto-exploring this place.
 F = Levels seen in this place.
 G = Mean time per level.
                   A        B        C        D        E       F      G
               +--------+--------+--------+--------+--------+-----+--------+
         Total |    260 |    260 |      0 |     23 |     37 |   1 |  260.0 |
       Dungeon |    260 |    260 |      0 |     23 |     37 |   1 |  260.0 |
               +--------+--------+--------+--------+--------+-----+--------+

Top non-repeatable levels by time:
       D: 260 daAuts
